 Dungeon Crawl Stone Soup version 0.30.0-29-ga12c61a403 (webtiles) character file.

Game seed: 8050602121109143971

2477 Fecro the Covert (level 9, -2/43 (44) HPs)
             Began as a Spriggan Brigand on June 18, 2023.
             Slain by a boulder beetle (32 damage)
             ... on level 6 of the Dungeon.
             The game lasted 00:36:58 (6238 turns).

Fecro the Covert (Spriggan Brigand)                 Turns: 6238, Time: 00:36:59

HP:   -2/43 (44)    AC:  5    Str:  7    XL:     9   Next: 27%
MP:   10/10         EV: 21    Int: 13    God:
Gold: 293           SH:  0    Dex: 20    Spells: 8/8 levels left

rFire   . . .        a - +2 dagger (venom)
rCold   . . .        (no shield)
rNeg    . . .        b - +0 robe
rPois   .            (helmet restricted)
rElec   .            c - +2 cloak
rCorr   .            (gloves unavailable)
SInv    +            (boots unavailable)
Will    +....        (no amulet)
Stlth   +++++        (no ring)
HPRegen 0.27/turn    (no ring)
MPRegen 0.12/turn

%: no passive effects
@: lightly drained, very quick
A: very small, no large weapons, unfitting armour, see invisible, speed 3
a: no special abilities


You were on level 6 of the Dungeon.
You visited 1 branch of the dungeon, and saw 7 of its levels.

You collected 293 gold pieces.

Inventory:

Hand Weapons
 a - a +2 dagger of venom (weapon)
 n - a +0 sling
Missiles
 d - 7 poisoned darts
 p - 8 stones
 s - 3 silver boomerangs
 t - 4 atropa-tipped darts (quivered)
 v - a curare-tipped dart
 y - 6 boomerangs
Armour
 b - a +0 robe (worn)
 c - a +2 cloak (worn)
Jewellery
 f - an amulet of guardian spirit
Wands
 u - a wand of flame (32)
 C - a wand of mindburst (22)
Scrolls
 e - 6 scrolls of teleportation {unknown}
 h - a scroll of noise {unknown}
 j - a scroll of torment {unknown}
 l - a scroll of silence {unknown}
 m - a scroll of amnesia {unknown}
 o - a scroll of magic mapping {unknown}
 q - a scroll of immolation {unknown}
 w - a scroll of enchant weapon {unknown}
 x - a scroll of poison {unknown}
 D - 2 scrolls of vulnerability {unknown}
Potions
 g - 4 potions of flight {unknown}
 i - 5 potions of curing
 k - 2 potions of cancellation {unknown}
 r - a potion of ambrosia {unknown}
 z - a potion of berserk rage {unknown}
 A - a potion of brilliance {unknown}
 B - a potion of might {unknown}


   Skills:
 + Level 3.3 Fighting
 + Level 7.0 Short Blades
 * Level 7.0 Throwing
 + Level 6.0 Dodging
 * Level 11.4 Stealth


You had 8 spell levels left.
You didn't know any spells.
Your spell library contained the following spells:

 Spells                   Type           Power      Damage    Failure   Level
 Apportation              Tloc           0%         N/A       30%         1
 Magic Dart               Conj           0%         1d3       30%         1
 Necrotise                Necr           0%         1d4       30%         1
 Summon Small Mammal      Summ           0%         N/A       30%         1
 Call Imp                 Summ           0%         N/A       43%         2
 Mephitic Cloud           Conj/Pois/Air  0%         N/A       67%         3


Dungeon Overview and Level Annotations

Branches:
Dungeon (7/15)
 Temple: D:4-7

Altars:

Shops:
D:1 =

Annotations:
D:2 Grinder


Innate Abilities, Weirdness & Mutations

You are very small and have problems with some larger weapons.
You are too small for most types of armour.
You have supernaturally acute eyesight. (SInv)
You cover ground extremely quickly. (Speed+++)


Message History

The wight closely misses you.
You hit the wight.
The wight is heavily damaged.
You hit the wight but do no damage.
The wight is heavily damaged.
The wight misses you.
You hit the wight.
The wight is heavily damaged.
The wight hits you with a +0 scimitar!
You feel drained.
You hit the wight.
The wight is severely damaged.
You hit the wight but do no damage.
The wight is severely damaged.
The wight misses you.
You hit the wight.
You destroy the wight!
Your Throwing skill increases to level 7!
Your Dodging skill increases to level 6!
No target in view!
You start resting.
HP restored.
You climb upwards.
The boulder beetle bites you!!
There is a stone staircase leading down, spattered with blood here.
Throw: 4 darts (atropa)
Press: ? - help, Q - select action, (/) - cycle Shift-Dir - straight line, f - boulder beetle
Aim: a boulder beetle (91% to hit, chance to blind on hit: 39%)
Okay, then.
The boulder beetle completely misses you.
The boulder beetle leaps!
The boulder beetle leaps!
The boulder beetle completely misses you.
The boulder beetle curls into a ball and begins rolling!
A black bear comes into view.
Found a stone staircase leading up.
The black bear growls angrily.
You hear a shout!
There is an open door here.
The boulder beetle attacks as you move away!
The boulder beetle hits you!!
Ouch! That really hurt!
You die...

##### #. ##..)..## #.
##.........##. #...........
.#### ##.).........##...#
#...#.....#...#...#
###[.(#.$...#...#...# #######
#.'.#####?..#..@B°°°######......
#[#).$#.)...#...#h..°...........
#(#...#.....#...#o..######......
#.##...........##...# #○.....
#).#...........#<...# #B.....
##[##.........##....# #°.....
#..###..$..###.....# #°.....
##..################ #°.....
##.............#########°.....


You could see a boulder beetle (rolling) and a black bear.

Vanquished Creatures
  Pikel (D:4)
  Sigmund (D:3)
  A sky beast (D:6)
  A black bear (D:4)
  2 ogres
  4 phantoms
  A bullfrog (D:6)
  2 scorpions (D:5)
  5 wights
  5 hounds
  3 orc priests
  Crazy Yiuf (D:2)
  A jelly (D:5)
  3 iguanas
  3 sleepcaps
  Terence (D:2)
  5 orc wizards
  8 adders
  5 gnolls
  An ufetubus (D:6)
  2 worms
  22 orcs
  6 bats (D:1)
  8 endoplasms
  15 giant cockroaches
  4 goblins
  3 hobgoblins
  4 jackals (D:1)
  2 quokkas
  6 ball pythons
  A frilled lizard (D:2)
  6 kobolds
  4 rats
137 creatures vanquished.

Notes
Turn   | Place    | Note
-------+----------+-------------------------------------------
     0 | D:1      | Fecro the Spriggan Brigand began the quest for the Orb.
     0 | D:1      | Reached XP level 1. HP: 10/10 MP: 2/2
    25 | D:1      | Reached skill level 6 in Stealth
   130 | D:1      | Found Zubuesea's Jewellery Shoppe.
   261 | D:1      | Reached XP level 2. HP: 14/14 MP: 3/3
   591 | D:1      | Reached skill level 7 in Stealth
   591 | D:1      | Reached XP level 3. HP: 18/18 MP: 4/4
  1076 | D:2      | Found a runed translucent door.
  1077 | D:2      | Noticed Crazy Yiuf
  1110 | D:2      | Killed Crazy Yiuf
  1111 | D:2      | Reached XP level 4. HP: 23/23 MP: 5/5
  1203 | D:2      | Noticed Terence
  1254 | D:2      | Killed Terence
  1277 | D:2      | Reached skill level 8 in Stealth
  1481 | D:2      | Reached XP level 5. HP: 26/26 MP: 6/6
  1630 | D:3      | Noticed Sigmund
  1631 | D:3      | Noticed Grinder
  1687 | D:3      | Killed Sigmund
  1688 | D:3      | Reached XP level 6. HP: 14/30 MP: 7/7
  2163 | D:3      | Paralysed by Grinder for 2 turns
  2717 | D:3      | Reached skill level 9 in Stealth
  3184 | D:4      | Reached XP level 7. HP: 35/35 MP: 8/8
  3247 | D:4      | Reached skill level 5 in Short Blades
  3617 | D:5      | Entered Level 5 of the Dungeon
  3628 | D:5      | Noticed Pikel
  3669 | D:4      | Killed Pikel
  3670 | D:4      | Reached skill level 10 in Stealth
  3670 | D:4      | Reached XP level 8. HP: 38/39 MP: 9/9
  3991 | D:5      | Reached skill level 5 in Throwing
  4608 | D:5      | Reached skill level 5 in Dodging
  5777 | D:6      | Reached skill level 11 in Stealth
  5777 | D:6      | Reached XP level 9. HP: 41/44 MP: 10/10
  6113 | D:6      | Noticed a boulder beetle
  6238 | D:6      | Slain by a boulder beetle

Illustrated notes

Levels and vault maps discovered:
D:1:      heliophobic_arrival_battle_scene, layout_basic, serial_shops, shop
D:2:      minmay_roachtagon, layout_basic, uniq_terence, uniq_crazy_yiuf_cottage
D:3:      layout_loops_ring, uniq_sigmund, uniq_grinder
D:4:      layout_rooms
D:5:      layout_loops_ring, minivault_24, nicolae_figureground_pulse,
          uniq_pikel
D:6:      layout_basic, kennysheep_cross_room, grunt_potential
D:7:      layout_loops_ring, minmay_temple_entry_wispy, uniq_menkaure

Skill      XL: |  1  2  3  4  5  6  7  8  9 |
---------------+----------------------------+-----
Stealth        | 6 7 8 9 10 11 | 11.4
Short Blades   | 3 4 5 6 7 |  7.0
Dodging        | 2 3 4 5 6 |  6.0
Fighting       | 2 3 |  3.3
Throwing       | 3 4 6 7 |  7.0

Action                     |  1- 3 |  4- 6 |  7- 9 || total
---------------------------+-------+-------+-------++-------
  Melee: Dagger            |   123 |   195 |   424 ||   742
         Punch             |     1 |     3 |     2 ||     6
  Throw: Dart              |     3 |    22 |    10 ||    35
         Stone             |       |     5 |       ||     5
         Boomerang         |       |       |    64 ||    64
  Evoke: Wand              |       |       |     1 ||     1
   Stab: Sleeping          |     4 |     6 |     6 ||    16
         Distracted        |     1 |       |     1 ||     2
         Invisible         |       |       |     1 ||     1
 Armour: Robe              |    20 |    34 |    33 ||    87
  Dodge: Dodged            |    85 |   129 |   233 ||   447
